 Dungeon Crawl Stone Soup version 0.28-a0-653-g7e9dba17c3 (webtiles) character file.

Game seed: 4555909467180690817

65559 Irenicus the Eclecticist (level 14, -5/97 HPs)
             Began as a Deep Dwarf Earth Elementalist on Oct 10, 2021.
             Was the Champion of Makhleb.
             Slain by a bunyip (28 damage)
             ... on level 1 of the Swamp on Oct 11, 2021.
             The game lasted 02:21:33 (11393 turns).

Irenicus the Eclecticist (DDEE)                    Turns: 11393, Time: 02:21:34

Health: -5/97      AC: 19    Str: 11    XL:     14   Next: 75%
Magic:  15/32      EV: 18    Int: 22    God:    Makhleb [******]
Gold:   1221       SH:  7    Dex: 13    Spells: 29/44 levels left

rFire   . . .      SeeInvis +   W - staff of earth {!a}
rCold   + . .      Faith    .   S - +2 buckler
rNeg    + + .      Spirit   .   q - +13 Cigotuvi's embrace {rMiasma Drain rN+}
rPois   +          Reflect  .   m - +1 helmet of Experimentation {*Slow rPois rCorr SInv}
rElec   .          Harm     .   (no cloak)
rCorr   +          Rampage  .   (no gloves)
Will    +++..                   o - +1 pair of boots
Stlth   ++........              Q - amulet of magic regeneration
HPRegen 0.00/turn               P - ring of poison resistance
MPRegen 0.48/turn               C - ring of protection from cold

@: no status effects
A: damage resistance, heal wounds, negative energy resistance 1, sense
surroundings 2, no regeneration, deformed body, frail 1, strong-willed 1
a: Heal Wounds, Renounce Religion, Minor Destruction, Lesser Servant of Makhleb,
Major Destruction, Greater Servant of Makhleb


You were on level 1 of the Swamp.
You worshipped Makhleb.
Makhleb was exalted by your worship.
You visited 5 branches of the dungeon, and saw 21 of its levels.
You also visited: Sewer.

You collected 2337 gold pieces.
You spent 1116 gold pieces at shops.


Innate Abilities, Weirdness & Mutations

You are resistant to damage.
You can heal yourself by infusing magical energy.
You resist negative energy. (rN+)
You passively map the area around you.
You do not regenerate.
Armour fits poorly on your strangely shaped body.
You are frail. (-10% HP)
You are strong-willed. (Will+)


   Skills:
 - Level 2.0 Fighting
 - Level 3.0 Armour
 - Level 14.8 Dodging
 - Level 2.4 Stealth
 - Level 4.1 Shields
 + Level 15.5 Spellcasting
 - Level 12.2 Necromancy
 - Level 0.8 Transmutations
 - Level 13.2 Earth Magic
 - Level 6.1 Evocations


You had 29 spell levels left.
You knew the following spells:

 Your Spells              Type           Power      Damage    Failure   Level
f - Borgnjor's Vile Clut  Necr/Erth      41%        N/A       1%          5
n - Dispel Undead         Necr           63%        3d22      1%          4
t - Stone Arrow           Conj/Erth      100%       3d13      1%          3
w - Passwall              Tmut/Erth      53%        N/A       1%          2
z - Sandblast             Erth           100%       2d20      1%          1

Your spell library contained the following spells:

 Spells                   Type           Power      Damage    Failure   Level
 Corpse Rot               Necr/Air       N/A        N/A       1%          2
 Animate Dead             Necr           31%        N/A       1%          4
 Animate Armour           Summ/Erth      100%       N/A       2%          4
 Petrify                  Tmut/Erth      64%        N/A       2%          4
 Beastly Appendage        Tmut           40%        N/A       3%          1
 Freeze                   Ice            68%        1d8       4%          1
 Magic Dart               Conj           68%        1d6       4%          1
 Wereblood                Tmut           20%        N/A       4%          2
 Death Channel            Necr           31%        N/A       4%          6
 Searing Ray              Conj           34%        2d5       7%          2
 Spider Form              Tmut/Pois      9%         N/A       11%         3
 Dazzling Flash           Conj/Hex       34%        N/A       13%         3
 Frozen Ramparts          Ice            34%        1d5       13%         3
 Ozocubu's Armour         Ice            17%        N/A       13%         3
 Swiftness                Air            17%        N/A       13%         3
 Ice Form                 Ice/Tmut       19%        N/A       36%         4
 Statue Form              Tmut/Erth      42%        N/A       36%         6
 Fulminant Prism          Conj/Hex       8%         3d7       41%         4
 Hailstorm                Conj/Ice       17%        3d6       41%         4
 Iskenderun's Mystic Bla  Conj/Tloc      17%        2d5       41%         4
 Iron Shot                Conj/Erth      31%        9d6       41%         6
 Simulacrum               Ice/Necr       22%        N/A       47%         6
 Iskenderun's Battlesphe  Conj           17%        2d7       77%         5
 Metabolic Englaciation   Hex/Ice        8%         N/A       77%         5
 Borgnjor's Revivificati  Necr           31%        N/A       88%         8
 Invisibility             Hex            8%         N/A       100%        6
 Starburst                Conj/Fire      8%         6d4       100%        6
 Spellforged Servitor     Conj/Summ      8%         N/A       100%        7
 Lehudib's Crystal Spear  Conj/Erth      31%        10d8      100%        8
 Necromutation            Tmut/Necr      23%        N/A       100%        8
 Death's Door             Necr           31%        N/A       100%        9

Inventory:

Hand Weapons
 d - a +1 dagger
 f - a +2 dagger of venom
 I - a +2 dagger of freezing
Missiles
 b - 5 silver javelins
 c - 215 stones
 h - 3 throwing nets {=f}
 j - 15 boomerangs
Armour
 e - a +2 hat
 m - the +1 helmet of Experimentation (worn) {*Slow rPois rCorr SInv}
   (You bought it in a shop on level 2 of the Orcish Mines)

   rPois:     It protects you from poison.
   SInv:      It lets you see invisible.
   rCorr:     It protects you from acid and corrosion.
   *Slow:     It may slow you when you take damage.
 o - a +1 pair of boots (worn)
 q - the +13 Cigotuvi's embrace (worn) {rMiasma Drain rN+}
   (You bought it in a shop on level 4 of the Dungeon)

   It gathers nearby corpses to temporarily increase the armour it provides.
   It protects you from foul pestilence.
   rN:        It protects you from negative energy.
   Drain:     It drains your maximum health when unequipped.
 D - the +1 ring mail "Tor Tigg" {rN++ Int+4 Stlth+}
   (You found it on level 7 of the Dungeon)

   Int:       It affects your intelligence (+4).
   rN:        It greatly protects you from negative energy.
   Stlth:     It makes you more stealthy.
 S - a +2 buckler (worn)
Magical Staves
 s - a staff of fire {!a}
 y - a staff of air {!a}
 W - a staff of earth (weapon) {!a}
Jewellery
 k - an amulet of reflection
 C - a ring of protection from cold (right hand)
 F - a ring of fire
 L - a ring of flight
 M - an amulet of the acrobat
 P - a ring of poison resistance (left hand)
 Q - an amulet of magic regeneration (around neck)
 R - a ring of resist corrosion
 T - the amulet of Vitality {Regen+ HP+15}
   (You found it on level 6 of the Lair of Beasts)

   [amulet of regeneration]

   HP:        It affects your health (+15).
   Regen:     It increases your rate of health regeneration.
Wands
 v - a wand of acid (9)
 G - a wand of paralysis (6)
 K - a wand of charming (2)
 N - a wand of polymorph (11)
 U - a wand of digging (3)
Scrolls
 i - a scroll of holy word
 l - a scroll of identify {@r1}
 n - 2 scrolls of magic mapping
 r - 4 scrolls of teleportation {@r2}
 w - 2 scrolls of enchant weapon
 x - a scroll of silence {!r}
 z - a scroll of brand weapon
 B - a scroll of enchant armour
 E - a scroll of immolation
 J - a scroll of fog
 O - a scroll of fear
 V - a scroll of summoning
Potions
 a - 2 potions of curing {@q1}
 g - 5 potions of lignification
 p - 4 potions of mutation
 t - 2 potions of heal wounds {@q2}
 u - 4 potions of brilliance
 A - 2 potions of flight
 H - a potion of might

Dungeon Overview and Level Annotations

Branches:
Dungeon (10/15)            Temple (1/1) D:7            Lair (6/6) D:9
  Swamp (2/4) Lair:3        Snake (0/4) Lair:3        Slime (0/5) Lair:6
    Orc (2/2) D:10            Elf (0/3) Orc:2         Sewer (visited)

Altars:
Ashenzari
Cheibriados
Dithmenos
Elyvilon
Fedhas
Gozag
Hepliaklqana
Kikubaaqudgha
Makhleb
Nemelex Xobeh
Okawaru
Qazlal
Ru
Sif Muna
Trog
Uskayaw
Vehumet
Wu Jian
Xom
Yredelemnul
Zin
The Shining One
Beogh
Jiyva

Shops:
D:4 [   D:8 :   Orc:2 (([!

Portals:
Trove: D:10 (give 11 potions of heal wounds)

Annotations:
D:6 2 transporters, sn0wgr3's ghost, novice GrFi
D:8 3 runed translucent doors
D:9 4 runed translucent doors
Lair:5 3 runed translucent doors, sn0wgr3's ghost, journeyman MiFi
Orc:2 3 runed translucent doors, sn0wgr3's ghost, journeyman GrFi

, ♣≈§≈≈≈≈≈≈≈♣♣ *
, ♣♣≈≈≈≈≈≈≈.♣ **
≈ ♣♣≈§≈≈≈≈.≈♣
♣≈≈≈≈≈≈≈≈♣♣
**♣♣.≈≈≈...♣♣ ,,
≈≈..≈.[.^.♣ ,,,
,....≈.≈≈≈≈♣ ,
,,......≈..♣♣ ≈
≈≈≈≈.≈≈≈.@♣
≈≈≈.≈≈≈kx♣♣♣
≈≈§≈.≈≈≈≈.≈≈♣ ≈
≈
≈≈≈.≈≈§≈..≈≈).♣
* ≈≈
≈≈≈.≈≈≈...≈≈≈≈[.
≈≈≈...≈.≈≈≈≈.≈≈♣
, ≈≈
≈≈...♣♣.≈≈≈....♣
≈ i..≈
..≈..≈..♣♣ , ≈≈
♣.. ,.....≈♣♣♣


You could see a bunyip, a spriggan rider (asleep) and a swamp drake.


Message History

The death drake barely misses you. x2
You kill the death drake!
Makhleb accepts your kill.
You feel better.
Found a short glowing staff.
A swamp drake comes into view.
The swamp drake roars!
You enter the shallow water.
Moving in this stuff is going to be slow.
A spriggan rider comes into view. It is wielding a +0 spear.
The swamp drake breathes poison at you.
The noxious blast engulfs you but does no damage.
You resist.
A bunyip comes into view.
Found a demon trident and a scale mail.
A chunk of your corpse armour falls away.
The bunyip barely misses you. The bunyip claws you!!
* * * LOW HITPOINT WARNING * * *
You block the bunyip's attack.
You see here a staff of earth {!a}.
W - a staff of earth {!a} The swamp drake bites you but does no damage.
The swamp drake bites you.
* * * LOW HITPOINT WARNING * * *
Your +2 dagger of venom stops dripping with poison.
W - a staff of earth (weapon)
{!a} The bunyip claws you!!
* * * LOW HITPOINT WARNING * * *
The bunyip claws you!!
You die...

Skill      XL: |  1  2  3  4  5  6  7  8  9 10 11 12 13 14 |
---------------+-------------------------------------------+-----
Spellcasting   | 2 4 5 6 9 13 15 | 15.5
Earth Magic    | 5 7 9 10 12 13 | 13.2
Shields        | 2 4 |  4.1
Dodging        | 6 14 | 14.8
Fighting       | 1 2 |  2.0
Armour         | 3 |  3.0
Necromancy     | 4 10 12 | 12.2
Evocations     | 6 |  6.1
Stealth        | |  2.4
Transmutations | |  0.8

Action                   |  1- 3 |  4- 6 |  7- 9 | 10-12 | 13-15 || total
-------------------------+-------+-------+-------+-------+-------++-------
Melee: Unarmed           |    15 |       |       |       |       ||    15
       Dagger            |    11 |    41 |    45 |   289 |   150 ||   536
       Staff             |       |       |       |       |     5 ||     5
Throw: Javelin           |     4 |       |       |       |     1 ||     5
       Boomerang         |     2 |       |       |       |       ||     2
 Cast: Sandblast         |    48 |    41 |   116 |   181 |   202 ||   588
       Passwall          |     4 |     3 |    12 |    21 |     6 ||    46
       Stone Arrow       |     1 |     8 |    41 |    49 |    53 ||   152
       Borgnjor's Vile C |       |       |       |    49 |   100 ||   149
 Abil: Heal Wounds       |     1 |       |     3 |     5 |       ||     9
Evoke: Wand              |       |       |     3 |    58 |    11 ||    72
  Use: Potion            |       |     2 |     7 |     3 |       ||    12
       Scroll            |       |       |    11 |    15 |     2 ||    28
 Stab: Sleeping          |       |       |     3 |     1 |       ||     4
       Paralysed         |       |       |       |    32 |    21 ||    53
Armor: Robe              |     7 |       |       |       |       ||     7
       Leather armour    |     6 |    27 |    24 |   132 |   174 ||   363
Dodge: Dodged            |    26 |    37 |    51 |   341 |   317 ||   772
Block: Other             |     3 |     9 |     4 |       |       ||    16
       Buckler           |       |       |    27 |   269 |   163 ||   459
       Reflection        |       |       |     5 |    13 |     2 ||    20

Levels and vault maps discovered:
D:1:      amcnicky_arrival_abandoned_market, layout_loops_ring
D:2:      layout_loops_ring, ebering_ecumenical_altar_box,
          chequers_serial_rivers_micro_d, kennysheep_generic_room_9
D:3:      layout_basic, gup_sewer_entry_bowl
D:4:      layout_rooms, jmf_multi_god_temple2, serial_shops, shop, uniq_ijyb,
          uniq_duvessa, uniq_eustachio
D:5:      layout_loops_ring, nemelex_spade_bored_becter, wad_woods_river_04
D:6:      layout_cave_pools, lemuel_crystal_altar,
          mainiacjoe_overflow_divided_tiny, overflow_temple_1_default,
          mainiacjoe_overflow_surrounded_room, gammafunk_ghost_smash,
          minmay_manual_mail, uniq_grinder
D:7:      layout_gridville, minmay_temple_entry_drinking_statues,
          grunt_ministairs_2, chequers_jeans, uniq_menkaure
D:8:      layout_basic, serial_shops, nicolae_shop_trees,
          ploomutoo_gammafunk_ghost_potion_laboratory
D:9:      lemuel_bear_cage, layout_grid_maze, nicolae_hepliaklqana_hazy_memory,
          led_sif_pool, mainiacjoe_overflow_swirl, dpeg_oklobed_lair
D:10:     layout_gridville, fedhas_ov_isle_minmay, orc_0_dummy,
          nicolae_trove_entry_free_sample
Temple:   jpeg_temple_island
Lair:1:   layout_cave_pods, serial_rivers, chequers_serial_rivers_micro_e,
          chequers_serial_rivers_small_a, chequers_serial_rivers_micro_d,
          chequers_serial_rivers_micro_c, hangedman_lair_generics_rect,
          lemuel_fruit_tree, uniq_harold
Lair:2:   layout_chaotic_city
Lair:3:   layout_chaotic_city, minmay_swamp_entry_eels,
          minmay_snake_entry_guardpost_small
Lair:4:   pond_and_an_island_with_a_cottage, layout_regular_city
Lair:5:   layout_hall_layers, gammafunk_ghost_icy,
          chequers_serial_rivers_large_b, chequers_serial_rivers_micro_d,
          lemuel_fruit_fields, infiniplex_staircase_pool
Lair:6:   minmay_lair_end_enchanted_forest, layout_layer_cave, slime_altar_1,
          dpeg_stationary_puzzle
Swamp:1:  layout_basic_swamp, evilmike_swamp_ruin_house_1
Swamp:2:  nicolae_swamp_wrong_neighborhood, layout_falls_marsh, swamp_pool5,
          st_swamp_ruins_1
Orc:1:    layout_caves, basic_altar
Orc:2:    st_orc_town, layout_diamond_mine, gammafunk_ghost_split, rock_pile,
          uniq_saint_roka

Notes
Turn   | Place    | Note
-------+----------+-------------------------------------------
     0 | D:1      | Irenicus the Deep Dwarf Earth Elementalist began the quest
                  | for the Orb.
     0 | D:1      | Reached XP level 1. HP: 15/15 MP: 3/3
    73 | D:1      | Reached skill level 2 in Spellcasting
   164 | D:1      | Reached XP level 2. HP: 22/22 MP: 0/5
   287 | D:1      | Learned a level 2 spell: Passwall
   404 | D:1      | Reached skill level 5 in Earth Magic
   605 | D:2      | Reached XP level 3. HP: 20/28 MP: 0/6
   693 | D:2      | Found a faded altar of an unknown god.
   958 | D:2      | Reached skill level 6 in Earth Magic
   972 | D:2      | Learned a level 3 spell: Stone Arrow
  1016 | D:3      | Found a glowing drain.
  1019 | Sewer    | Entered a sewer
  1040 | Sewer    | Noticed Purgy
  1043 | Sewer    | Killed Purgy
  1044 | Sewer    | Reached skill level 7 in Earth Magic
  1044 | Sewer    | Reached XP level 4. HP: 26/36 MP: 1/7
  1044 | Sewer    | Reached XP level 5. HP: 30/42 MP: 1/8
  1353 | D:3      | Reached skill level 8 in Earth Magic
  1550 | D:4      | Noticed a necrophage
  1560 | D:3      | Killed a necrophage
  1561 | D:3      | Reached skill level 9 in Earth Magic
  1561 | D:3      | Reached XP level 6. HP: 35/49 MP: 0/9
  1592 | D:4      | Noticed Dowan
  1592 | D:4      | Found Jiseare's Antique Armour Shoppe.
  1642 | D:4      | Found a large runed translucent door.
  1643 | D:4      | Found a large runed translucent door.
  1653 | D:4      | Found a sacrificial altar of Ru.
  1659 | D:4      | Found a glowing golden altar of the Shining One.
  1718 | D:4      | Noticed Eustachio
  1723 | D:4      | Killed Eustachio
  1724 | D:4      | Reached skill level 10 in Earth Magic
  1789 | D:4      | Reached XP level 7. HP: 14/55 MP: 0/10
  1871 | D:4      | Gained mutation: You are frail. (-10% HP) [potion of
                  | mutation]
  1871 | D:4      | Gained mutation: Armour fits poorly on your strangely
                  | shaped body. [potion of mutation]
  1871 | D:4      | Gained mutation: You are strong-willed. (Will+) [potion of
                  | mutation]
  1874 | D:4      | Noticed Ijyb
  1874 | D:4      | Noticed Duvessa
  1879 | D:4      | Killed Dowan
  1884 | D:4      | HP: 1/49 [Duvessa (12)]
  1888 | D:4      | Killed Duvessa
  1889 | D:4      | Reached skill level 11 in Earth Magic
  1892 | D:4      | Killed Ijyb
  1916 | D:5      | Entered Level 5 of the Dungeon
  2004 | D:5      | Reached skill level 12 in Earth Magic
  2045 | D:5      | Reached skill level 1 in Shields
  2108 | D:5      | Reached skill level 2 in Shields
  2108 | D:5      | Reached XP level 8. HP: 25/55 MP: 4/11
  2160 | D:5      | Reached skill level 3 in Shields
  2268 | D:5      | Found a sparkling altar of Nemelex Xobeh.
  2396 | D:6      | Found a transporter.
  2401 | D:6      | Found a transporter.
  2402 | D:6      | Noticed sn0wgr3's ghost (novice GrFi)
  2436 | D:6      | Found an iron altar of Okawaru.
  2436 | D:6      | Found a shadowy altar of Dithmenos.
  2477 | D:6      | Reached skill level 4 in Shields
  2496 | D:6      | Noticed Grinder
  2500 | D:6      | Killed Grinder
  2501 | D:6      | Reached skill level 4 in Dodging
  2533 | D:6      | Identified a scroll of acquirement
  2533 | D:6      | Acquired 748 gold pieces
  2614 | D:4      | Bought the +4 Cigotuvi's embrace {rMiasma Drain rN+} for
                  | 828 gold pieces
  2614 | D:4      | Found the +4 Cigotuvi's embrace {rMiasma Drain rN+}
  2803 | D:6      | Reached skill level 1 in Fighting
  2812 | D:6      | Found a shimmering altar of Xom.
  2818 | D:6      | HP: 4/57 [something] (8)]
  2829 | D:6      | Reached skill level 3 in Spellcasting
  2833 | D:6      | Reached skill level 4 in Spellcasting
  2877 | D:6      | Found a stormy altar of Qazlal.
  2895 | D:6      | Found a basalt altar of Yredelemnul.
  2919 | D:6      | Reached skill level 5 in Dodging
  2949 | D:6      | Reached skill level 6 in Dodging
  2949 | D:6      | Gained mutation: You passively map the area around you.
                  | [Deep Dwarf growth]
  2949 | D:6      | Reached XP level 9. HP: 25/63 MP: 0/15
  3006 | D:7      | Noticed Menkaure
  3074 | D:7      | Identified the +1 ring mail "Tor Tigg" {rN++ Int+4 Stlth+}
  3143 | D:7      | Reached skill level 7 in Dodging
  3217 | D:7      | Found a staircase to the Ecumenical Temple.
  3226 | Temple   | Entered the Ecumenical Temple
  3265 | Temple   | Became a worshipper of Makhleb the Destroyer
  3266 | Temple   | Upgraded the game from 0.28-a0-643-g84cb2ea78e to
                  | 0.28-a0-653-g7e9dba17c3
  3333 | D:7      | Killed Menkaure
  3334 | D:7      | Reached skill level 8 in Dodging
  3405 | D:7      | Reached skill level 9 in Dodging
  3488 | D:7      | Reached skill level 10 in Dodging
  3618 | D:8      | Reached * piety under Makhleb
  3694 | D:8      | Reached skill level 11 in Dodging
  3746 | D:8      | Reached skill level 12 in Dodging
  3762 | D:8      | Found Zoegh's Book Shoppe.
  3934 | D:9      | Found a broken altar of Ashenzari.
  3943 | D:9      | Found a white marble altar of Elyvilon.
  3961 | D:9      | Reached skill level 13 in Dodging
  4044 | D:9      | Found a hazy altar of Hepliaklqana.
  4194 | D:9      | Found a staircase to the Lair.
  4198 | D:9      | Noticed a centaur warrior
  4206 | D:9      | Killed a centaur warrior
  4207 | D:9      | Reached skill level 14 in Dodging
  4207 | D:9      | Reached XP level 10. HP: 20/70 MP: 2/16
  4337 | D:9      | HP: 7/70 [kobold brigand (12)]
  4344 | D:9      | Reached ** piety under Makhleb
  4345 | D:9      | Found a huge runed translucent gate.
  4346 | D:9      | Found a huge runed translucent gate.
  4349 | D:9      | Found a huge runed translucent gate.
  4349 | D:9      | Found a huge runed translucent gate.
  4612 | D:8      | Reached skill level 1 in Armour
  4794 | D:8      | Found a runed translucent gate.
  4794 | D:8      | Found a runed translucent gate.
  4794 | D:8      | Found a runed translucent gate.
  4794 | D:8      | Noticed a cyan ugly thing
  4794 | D:8      | Noticed a green ugly thing
  4794 | D:8      | Noticed a green ugly thing
  4794 | D:8      | Noticed a purple ugly thing
  4794 | D:8      | Noticed a glowing orange brain
  4795 | D:8      | Noticed a cyan ugly thing
  4840 | D:8      | Learned a level 5 spell: Borgnjor's Vile Clutch
  5018 | D:10     | Entered Level 10 of the Dungeon
  5032 | D:10     | Found a blossoming altar of Fedhas.
  5085 | D:10     | Reached skill level 2 in Armour
  5127 | D:10     | Reached skill level 2 in Fighting
  5127 | D:10     | Reached skill level 13 in Earth Magic
  5188 | D:10     | Reached skill level 3 in Armour
  5303 | D:10     | Reached skill level 1 in Necromancy
  5360 | D:10     | Noticed a gargoyle
  5365 | D:10     | HP: 5/72 [acid dragon/splash of acid (15)]
  5393 | D:10     | Killed a gargoyle
  5394 | D:10     | Reached skill level 2 in Necromancy
  5430 | D:10     | Found a portal to a secret trove of treasure.
  5488 | D:10     | Reached skill level 3 in Necromancy
  5520 | D:10     | Reached skill level 5 in Spellcasting
  5636 | D:10     | Reached skill level 4 in Necromancy
  5716 | D:10     | Reached XP level 11. HP: 60/77 MP: 2/18
  5800 | D:10     | Found a staircase to the Orcish Mines.
  5813 | Orc:1    | Entered Level 1 of the Orcish Mines
  5870 | Orc:1    | Noticed an orc sorcerer
  5903 | Orc:1    | Reached *** piety under Makhleb
  5905 | Orc:1    | Reached skill level 5 in Necromancy
  5912 | Orc:1    | Noticed an orc warlord
  5934 | Orc:2    | Entered Level 2 of the Orcish Mines
  5934 | Orc:2    | Found a staircase to the Elven Halls.
  5934 | Orc:2    | Found a runed translucent gate.
  5934 | Orc:2    | Found a runed translucent gate.
  5935 | Orc:2    | Found a runed translucent gate.
  6039 | Orc:1    | HP: 6/77 [warg (6)]
  6041 | Orc:1    | Reached skill level 6 in Spellcasting
  6114 | Orc:1    | Noticed an orc knight
  6219 | Orc:2    | Noticed an orc knight
  6243 | Orc:2    | Killed an orc knight
  6244 | Orc:2    | Reached skill level 6 in Necromancy
  6292 | Orc:2    | Noticed an orc knight
  6302 | Orc:2    | Killed an orc knight
  6350 | Orc:2    | Noticed an orc knight
  6356 | Orc:2    | Reached skill level 1 in Evocations
  6360 | Orc:2    | Noticed an orc knight
  6362 | Orc:2    | Killed an orc knight
  6363 | Orc:2    | Reached skill level 3 in Evocations
  6379 | Orc:2    | Reached skill level 4 in Evocations
  6389 | Orc:2    | Killed an orc knight
  6390 | Orc:2    | Reached skill level 5 in Evocations
  6425 | Orc:2    | Noticed an orc knight
  6441 | Orc:2    | Reached skill level 6 in Evocations
  6468 | Orc:2    | Reached **** piety under Makhleb
  6470 | Orc:2    | Killed an orc knight
  6472 | Orc:2    | Reached skill level 7 in Necromancy
  6487 | Orc:2    | Found Gufeuchuot's Weapon Shoppe.
  6487 | Orc:2    | Found Faubi's Antique Weapon Boutique.
  6533 | Orc:2    | Found Qamirr's Antique Armour Shoppe.
  6550 | Orc:2    | Noticed an orc knight
  6603 | Orc:2    | Bought a transparent helmet for 218 gold pieces
  6603 | Orc:2    | Identified the +1 helmet of Experimentation {*Slow rPois
                  | rCorr SInv} (You bought it in a shop on level 2 of the
                  | Orcish Mines)
  6617 | Orc:2    | Found Wucwomei's Distillery.
  6624 | Orc:2    | Reached skill level 8 in Necromancy
  6650 | Orc:2    | Bought a potion of heal wounds for 70 gold pieces
  6740 | Orc:2    | Killed an orc knight
  6741 | Orc:2    | Reached skill level 9 in Necromancy
  6763 | Orc:2    | Noticed sn0wgr3's ghost (journeyman GrFi)
  6778 | Orc:2    | Noticed a boulder beetle
  6788 | Orc:2    | Killed a boulder beetle
  6829 | Orc:2    | Noticed Saint Roka
  6830 | Orc:2    | Noticed an orc sorcerer
  6839 | Orc:2    | Killed an orc sorcerer
  6840 | Orc:2    | Reached skill level 10 in Necromancy
  6840 | Orc:2    | Reached XP level 12. HP: 28/83 MP: 3/20
  6855 | Orc:2    | Killed Saint Roka
  6856 | Orc:2    | Reached skill level 11 in Necromancy
  7046 | Orc:1    | Reached ***** piety under Makhleb
  7127 | Orc:1    | Reached skill level 12 in Necromancy
  7217 | Orc:1    | Killed an orc warlord
  7218 | Orc:1    | Reached skill level 7 in Spellcasting
  7228 | Orc:1    | Noticed an orc warlord
  7441 | D:9      | Found a shimmering blue altar of Sif Muna.
  7501 | Lair:1   | Entered Level 1 of the Lair of Beasts
  7561 | Lair:1   | Noticed Harold
  7567 | Lair:1   | Killed Harold
  7568 | Lair:1   | Reached skill level 8 in Spellcasting
  8010 | Lair:2   | Reached skill level 9 in Spellcasting
  8117 | Lair:2   | Reached XP level 13. HP: 26/89 MP: 8/25
  8125 | Lair:2   | Reached skill level 10 in Spellcasting
  8787 | Lair:3   | Found a staircase to the Snake Pit.
  8842 | Lair:3   | Reached skill level 11 in Spellcasting
  8955 | Lair:3   | Found a staircase to the Swamp.
  9216 | Lair:4   | You fall into a shaft and drop 1 floor!
  9262 | Lair:4   | Reached ****** piety under Makhleb
  9559 | Lair:4   | Reached skill level 12 in Spellcasting
  9919 | Lair:5   | You fall into a shaft and drop 1 floor!
  9919 | Lair:6   | Entered Level 6 of the Lair of Beasts
 10084 | Lair:6   | Reached skill level 13 in Spellcasting
 10140 | Lair:6   | Gained mutation: You resist negative energy. (rN+) [Deep
                  | Dwarf growth]
 10140 | Lair:6   | Reached XP level 14. HP: 93/97 MP: 3/30
 10200 | Lair:6   | Found the amulet of Vitality {Regen+ HP+15}
 10461 | Lair:6   | Reached skill level 14 in Spellcasting
 10611 | Lair:6   | Found a viscous altar of Jiyva.
 10612 | Lair:6   | Found a staircase to the Slime Pits.
 10922 | Lair:5   | Found a runed translucent gate.
 10922 | Lair:5   | Found a runed translucent gate.
 10922 | Lair:5   | Found a runed translucent gate.
 10922 | Lair:5   | Noticed sn0wgr3's ghost (journeyman MiFi)
 11072 | Swamp:1  | Entered Level 1 of the Swamp
 11095 | Swamp:1  | Learned a level 4 spell: Dispel Undead
 11194 | Swamp:2  | Reached skill level 15 in Spellcasting
 11393 | Swamp:1  | Slain by a bunyip

Vanquished Creatures
  Saint Roka (Orc:2)
  An orc warlord (Orc:1)
  2 eleionomae (Swamp:2)
  Harold (Lair:1)
  2 shambling mangroves
  9 hydras
  A boulder beetle (Orc:2)
  A centaur warrior (D:9)
  An alligator (Swamp:1)
  A death drake (Swamp:1)
  6 orc knights (Orc:2)
  3 swamp dragons (Swamp:2)
  An oklob plant (Lair:6)
  A necromancer (Lair:4)
  2 orc sorcerers
  15 elephants
  3 black mambas
  A gargoyle (D:10)
  10 cane toads
  2 rime drakes
  15 komodo dragons
  2 tyrant leeches (Swamp:1)
  A bloated husk (Swamp:2)
  5 hornets (Lair:6)
  Grinder (D:6)
  3 trolls (Orc:1)
  6 polar bears
  20 blink frogs
  13 spriggans (Lair:6)
  38 yaks
  4 wyverns
  Eustachio (D:4)
  2 steam dragons
  A vampire mosquito (D:6)
  Menkaure (D:7)
  3 nagas (Lair:3)
  8 wargs
  An acid dragon (D:10)
  2 swamp worms (Swamp:1)
  16 water moccasins
  Duvessa (D:4)
  5 swamp drakes (Swamp:2)
  Purgy (Sewer)
  2 black bears (Lair:6)
  2 sky beasts
  An elephant zombie (Lair:4)
  42 orc warriors
  An ice beast (D:7)
  2 necrophages
  3 ogres
  25 wolves
  5 boggarts (Lair:6)
  7 centaurs
  2 kobold brigands (D:9)
  A gnoll sergeant (D:5)
  16 bullfrogs
  2 scorpions (D:7)
  A water moccasin zombie (D:6)
  Dowan (D:4)
  6 killer bees (D:9)
  6 wights
  5 electric eels (Lair:3)
  3 howler monkeys
  A bullfrog zombie (D:7)
  2 basilisk zombies (Lair:4)
  15 orc priests
  2 centaur zombies
  2 jellies
  A hound (D:6)
  3 bullfrog skeletons
  4 iguanas
  A centaur skeleton (D:4)
  Ijyb (D:4)
  17 orc wizards
  2 howler monkey zombies
  A howler monkey skeleton (D:7)
  8 gnolls (D:5)
  8 adders
  A shadow imp (D:6)
  A worm (D:3)
  2 dart slugs
  84 orcs
  10 endoplasms
  6 giant cockroaches
  4 goblins
  12 hobgoblins
  4 jackals (D:1)
  20 kobolds
  A quokka (D:3)
  6 ball pythons
  3 bats
  2 frilled lizards
  4 rats
575 creatures vanquished.

Vanquished Creatures (collateral kills)
  An alligator (Swamp:2)
1 creature vanquished.

Vanquished Creatures (others)
  An eleionoma (Swamp:2)
  A hydra (Swamp:2)
  An alligator (Swamp:2)
  A vampire mosquito (Swamp:2)
  An orc warrior (Orc:2)
  11 fungi
  38 plants
54 creatures vanquished.

Grand Total: 630 creatures vanquished

Table legend: (Time is in decaauts)
 A = Elapsed time spent in this place.
 B = Non-inter-level travel time spent in this place.
 C = Inter-level travel time spent in this place.
 D = Time resting spent in this place.
 E = Time spent auto-exploring this place.
 F = Levels seen in this place.
 G = Mean time per level.
                   A        B        C        D        E       F      G
               +--------+--------+--------+--------+--------+-----+--------+
         Total |  11455 |  11104 |    351 |      0 |    102 |  22 |  520.7 |
       Dungeon |   5889 |   5724 |    165 |      0 |    102 |  10 |  588.9 |
        Temple |     70 |     70 |      0 |      0 |      0 |   1 |   70.0 |
          Lair |   3591 |   3422 |    169 |      0 |      0 |   6 |  598.5 |
         Swamp |    356 |    356 |      0 |      0 |      0 |   2 |  178.0 |
  Orcish Mines |   1424 |   1408 |     16 |      0 |      0 |   2 |  712.0 |
         Sewer |    122 |    122 |      0 |      0 |      0 |   1 |  122.0 |
               +--------+--------+--------+--------+--------+-----+--------+

Top non-repeatable levels by time:
     D:9: 1029 daAuts
   Orc:2: 961 daAuts
  Lair:6: 899 daAuts
    D:10: 831 daAuts
     D:5: 659 daAuts
  Lair:4: 657 daAuts
     D:8: 651 daAuts
  Lair:1: 643 daAuts
  Lair:2: 532 daAuts
  Lair:3: 530 daAuts
     D:1: 525 daAuts
     D:3: 499 daAuts
   Orc:1: 463 daAuts
     D:2: 454 daAuts
     D:7: 443 daAuts

Table legend:
 A = Non-vault XP
 B = Vault XP
 C = Vault XP percentage of total XP
 D = Non-vault monster count
 E = Vault monster count
 F = Vault count percentage of total count
                 A         B        C        D         E       F
            +---------+---------+-------+---------+---------+-------
      Total |   62587 |   31069 |  33.2 |     413 |     167 |  28.8
            +---------+---------+-------+---------+---------+-------
        D:1 |      28 |       0 |   0.0 |      17 |       0 |   0.0
        D:2 |      44 |       2 |   4.3 |      18 |       1 |   5.3
        D:3 |     195 |       4 |   2.0 |      20 |       2 |   9.1
        D:4 |     156 |     447 |  74.1 |      11 |       6 |  35.3
        D:5 |     621 |       0 |   0.0 |      17 |       0 |   0.0
        D:6 |     659 |     519 |  44.1 |       9 |       3 |  25.0
        D:7 |     783 |     294 |  27.3 |      23 |       3 |  11.5
        D:8 |    1408 |       0 |   0.0 |      25 |       0 |   0.0
        D:9 |    3515 |       0 |   0.0 |      47 |       0 |   0.0
       D:10 |    3807 |       0 |   0.0 |      23 |       0 |   0.0
     Lair:1 |    2213 |    2201 |  49.9 |       9 |       7 |  43.8
     Lair:2 |    8901 |       0 |   0.0 |      32 |       0 |   0.0
     Lair:3 |    2942 |     753 |  20.4 |       9 |       8 |  47.1
     Lair:4 |    5437 |     766 |  12.3 |      20 |       4 |  16.7
     Lair:5 |    1877 |       0 |   0.0 |       7 |       0 |   0.0
     Lair:6 |   15910 |    9161 |  36.5 |      44 |      48 |  52.2
    Swamp:1 |    4240 |       0 |   0.0 |       8 |       0 |   0.0
    Swamp:2 |    3134 |    5061 |  61.8 |       7 |      10 |  58.8
      Orc:1 |    5296 |       0 |   0.0 |      44 |       0 |   0.0
      Orc:2 |    1421 |   11718 |  89.2 |      23 |      69 |  75.0
      Sewer |       0 |     143 | 100.0 |       0 |       6 | 100.0
            +---------+---------+-------+---------+---------+-------
